AoeStats
← NPG | FishCL

Arabia

508085474Analyzed
4v4 RM · 10d ago on Sep 20, 2026· 18m 52s· 8 players
Game mode
Random Map
Map size
Large (8 player)
Population
200
Speed
Normal
Resources
Standard
Victory
Conquest
Starting age
Dark Age
Ending age
Imperial Age
RankedLock teamsTeams togetherTeam positionsShared explorationLock speedFull tech treeHidden civsTurbo modeCheats
Victory
Defeat
🇲🇽 Poles · Mexico
1710
+9
🇲🇽 Maya · Mexico
1610
+13
🇲🇽 Britons · Mexico
1558
+15
🇲🇽 Franks · Mexico
1263
+27
🇨🇱 Franks · Chile
1571
-17
🇨🇱 Persians · Chile
1565
-17
🇦🇹 Britons · Austria
1542
-16
🇦🇷 Ethiopians · Argentina
1488
-14
Rest in Pieces
8:57 Feudal Age
8:19 Loom
11:43 Fletching
NPG | FishCL
6:40 Loom
8:49 Feudal Age
10:11 Double-Bit Axe
10:10 Horse Collar
17:57 Scale Barding Armor
18:18 Bloodlines
AiM | PoRRo
3:36 Loom
10:17 Feudal Age
10:56 Double-Bit Axe
TKB_
7:43 Loom
10:23 Feudal Age
14:56 Fletching
MZTK | Puppet
6:11 Loom
9:08 Feudal Age
10:12 Double-Bit Axe
21:23 Castle Age
MZTK | UVA
0:28 Loom
10:14 Feudal Age
10:23 Man-at-Arms
11:31 Double-Bit Axe
12:53 Fletching
16:15 Padded Archer Armor
MZTK |Kiss
6:18 Loom
9:07 Feudal Age
9:39 Double-Bit Axe
14:14 Horse Collar
16:52 Forging
MZTK | Vitaminas
5:59 Loom
8:52 Feudal Age
12:43 Fletching
Connection lost

Rejoining the realm…

Still unreachable

The connection could not be restored.

Session expired

The server has moved on; the page needs a fresh start.